 Dungeon Crawl Stone Soup version 0.27.1-34-g3ba077fa99 (webtiles) character file.

Game seed: 10149793267040351906

18 KamiKatze the Shield-Bearer (level 2, -2/24 HPs)
             Began as a Formicid Fighter on Jan 13, 2022.
             Killed from afar by a dart slug (6 damage)
             ... with a slug dart
             ... on level 1 of the Dungeon.
             The game lasted 00:01:59 (266 turns).

KamiKatze the Shield-Bearer (Formicid Fighter)       Turns: 266, Time: 00:02:00

Health: -2/24      AC:  5    Str: 20    XL:     2   Next: 85%
Magic:  2/2        EV:  8    Int:  7    God:
Gold:   0          SH:  9    Dex: 10    Spells: 1/1 levels left

rFire    . . .     SeeInvis +   a - +0 war axe
rCold    . . .     Faith    .   c - +0 kite shield
rNeg     . . .     Spirit   .   f - +0 ring mail
rPois    .         Reflect  .   (helmet unavailable)
rElec    .         Harm     .   (no cloak)
rCorr    .         Rampage  .   (no gloves)
Will     .....                  (no boots)
Stlth    ..........             (no amulet)
HPRegen  0.08/turn              (no ring)
MPRegen  0.08/turn              (no ring)

@: no status effects
A: permanent stasis, dig shafts and tunnels, antennae 3, four strong arms
a: Dig, Shaft Self


You were on level 1 of the Dungeon.
You visited 1 branch of the dungeon, and saw 1 of its levels.

Inventory:

Hand Weapons
 a - a +0 war axe (weapon)
Armour
 b - a +0 scale mail
 c - a +0 kite shield (worn)
 f - a +0 ring mail (worn)
Jewellery
 e - a ring of ice
Scrolls
 g - a scroll of teleportation {unknown}
Potions
 d - a potion of might
 h - a potion of degeneration {unknown}


   Skills:
 + Level 3.5 Fighting
 * Level 2.5 Axes
 + Level 3.5 Armour
 + Level 3.8 Shields


You had one spell level left.
You didn't know any spells.
Your spell library was empty.

Dungeon Overview and Level Annotations

Branches:
Dungeon (1/15)

Altars:


Innate Abilities, Weirdness & Mutations

You cannot be hasted, slowed, berserked, paralysed or teleported.
You can dig through walls and to a lower floor.
You have a pair of large antennae on your head. (SInv)
Your four strong arms can wield two-handed weapons with a shield.


Message History

You block the bat's attack. x3
You barely miss the bat. The bat hits you.
You hit the endoplasm.
The endoplasm is lightly wounded.
The endoplasm hits you but does no damage.
You block the endoplasm's attack.
You hit the endoplasm.
The endoplasm is almost dead.
The endoplasm freezes you.
You are frozen.
The endoplasm freezes you.
You are frozen.
* * * LOW HITPOINT WARNING * * *
You hit the endoplasm but do no damage.
The endoplasm is almost dead.
The endoplasm completely misses you.
You hit the endoplasm.
You kill the endoplasm!
You block the bat's attack. The ball python bites you.
* * * LOW HITPOINT WARNING * * *
The ball python grabs you. The ball python constricts you.
* * * LOW HITPOINT WARNING * * *
You hit the ball python.
You kill the ball python!
You block the bat's attack. x2
The bat misses you.
Things that are here:
a +0 ring mail; a dart slug corpse You block the bat's attack.
The bat hits you but does no damage. The bat hits you.
* * * LOW HITPOINT WARNING * * *
The bat hits you but does no damage.
You hit the bat.
You kill the bat!
The dart slug launches a dart at you. You block the slug dart.
The dart slug launches a dart at you. The slug dart hits you.
You die...

#>#.........#
#.#######.#.#
#. #.#.#
######.#.##.#
#..........#
#.####.#..##
#.# #.#.##
#.# #.#.. #.#
#@##.. #.#
#.# .#. #.#
##.# .### #.#
#..# .# #.#
#.## #.# #.#
#.# #w# #.#
#.# # #.###.#
##.###


You could see a dart slug.

Vanquished Creatures
  A dart slug (D:1)
  2 bats (D:1)
  4 endoplasms (D:1)
  A giant cockroach (D:1)
  A hobgoblin (D:1)
  A ball python (D:1)
  3 frilled lizards (D:1)
  3 rats (D:1)
16 creatures vanquished.

Notes
Turn   | Place    | Note
-------+----------+-------------------------------------------
     0 | D:1      | KamiKatze the Formicid Fighter began the quest for the Orb.
     0 | D:1      | Reached XP level 1. HP: 18/18 MP: 1/1
   177 | D:1      | Reached XP level 2. HP: 19/24 MP: 2/2
   266 | D:1      | Killed from afar by a dart slug

Illustrated notes

Levels and vault maps discovered:
D:1:      mrwooster_arrival_arrow, layout_loops_ring, grunt_decor_junction,
          minmay_heptomino_o4

Action                   || total
-------------------------++-------
Melee: War axe           ||    43
Armor: Ring mail         ||    16
       Scale mail        ||     2
Dodge: Dodged            ||    21
Block: Kite shield       ||    25
